 Dungeon Crawl Stone Soup version 0.30-a0-883-g5ad918d77d (webtiles) character file.

Game seed: 4105826842123810624

151 Darkkill the Shooter (level 5, 0/46 HPs)
             Began as a Minotaur Hunter on Mar 16, 2023.
             Slain by an ogre
             ... wielding a +0 giant club
              (33 damage)
             ... on level 4 of the Dungeon.
             The game lasted 00:02:23 (2406 turns).

Darkkill the Shooter (Minotaur Hunter)              Turns: 2406, Time: 00:02:23

Health: 0/46       AC:  5    Str: 16    XL:     5   Next: 10%
Magic:  4/4        EV: 13    Int:  6    God:
Gold:   175        SH:  0    Dex: 15    Spells: 4/4 levels left

rFire   . . .      SeeInvis +    a - +0 shortbow
rCold   . . .      Faith    .    (shield currently unavailable)
rNeg    . . .      Spirit   .    c - +0 leather armour
rPois   .          Reflect  .    (helmet restricted)
rElec   .          Rampage  .    o - scarf {repulsion}
rCorr   .                        d - +1 pair of gloves
Will    .....                    (no boots)
Stlth   ++                       (no amulet)
HPRegen 0.27/turn                n - ring of see invisible
MPRegen 0.09/turn                (no ring)

@: repel missiles
A: horns 2, retaliatory headbutt
a: no special abilities


You were on level 4 of the Dungeon.
You visited 1 branch of the dungeon, and saw 4 of its levels.

You collected 175 gold pieces.

Inventory:

Hand Weapons
 a - a +0 shortbow (weapon)
Missiles
 e - 11 stones
 l - 5 atropa-tipped darts
 m - 3 boomerangs
 p - 4 poisoned darts
Armour
 c - a +0 leather armour (worn)
 d - a +1 pair of gloves (worn)
 o - a scarf of repulsion (worn)
Magical Staves
 r - a staff of air
Jewellery
 n - a ring of see invisible (left hand)
Scrolls
 b - a scroll of immolation
 q - a scroll of fog
Potions
 f - 2 potions of lignification {unknown}
 g - a potion of haste
 h - a potion of heal wounds
 i - a potion of magic {unknown}
 j - a potion of mutation {unknown}
 k - 2 potions of brilliance {unknown}


   Skills:
 + Level 3.8 Fighting
 + Level 5.2 Ranged Weapons
 + Level 3.4 Dodging
 + Level 2.2 Stealth


You had 4 spell levels left.
You didn't know any spells.
Your spell library contained the following spells:

 Spells                   Type           Power      Damage    Failure   Level
 Shock                    Conj/Air       0%         1d3       52%         1
 Swiftness                Air            0%         N/A       88%         3
 Airstrike                Air            0%         2d(0-16)  99%         4
 Cause Fear               Hex            0%         N/A       99%         4
 Summon Lightning Spire   Summ/Air       0%         N/A       99%         4
 Lightning Bolt           Conj/Air       0%         1d11      100%        5
 Dragon Form              Tmut           0%         N/A       100%        7
 Dragon's Call            Summ           0%         N/A       100%        9


Dungeon Overview and Level Annotations

Branches:
Dungeon (4/15)
 Temple: D:4-7

Altars:
Trog
Xom


Innate Abilities, Weirdness & Mutations

You have a pair of horns on your head.
You reflexively headbutt those who attack you in melee.


Message History

You kill the goblin!
The hobgoblin misses you.
The endoplasm hits you but does no damage.
The goblin hits you with a +0 dagger.
Aiming: Fastroot
Press: ? - help, Q - select action, (/) - cycle Shift-Dir - straight line, f - hobgoblin
Aim: a hobgoblin (strong)
The roots erupt in riotous growth!
Roots grab the hobgoblin.
Roots grab Robin.
Roots grab the goblin.
Roots grab the orc.
The endoplasm is unaffected.
The now-empty wand crumbles to dust.
The grasping roots constrict Robin.
The grasping roots constrict the goblin.
You kill the goblin!
The grasping roots constrict the hobgoblin.
You kill the hobgoblin!
The grasping roots constrict the orc.
The endoplasm misses you.
The orc escapes!
Robin hits you but does no damage.
You have reached level 5!
Fire: a) +0 shortbow
Press: ? - help, Q - select action, (/) - cycle Shift-Dir - straight line, f - Robin
Aim: Robin, wielding a +0 mace, wearing a +0 animal skin and wearing a +0 helmet (lightly wounded, constricted by roots, 93% to hit)
You shoot an arrow. The arrow hits Robin!
Robin is severely wounded.
The grasping roots constrict Robin!
You kill Robin!
The endoplasm freezes you.
You are frozen.
The orc hits you with a +0 hand axe.
Fire: a) +0 shortbow
Press: ? - help, Q - select action, (/) - cycle Shift-Dir - straight line, f - orc
Aim: an orc, wielding a +0 hand axe (heavily wounded, 62% to hit)
You shoot an arrow. The arrow closely misses the orc.
The endoplasm freezes you.
You are frozen.
The orc closely misses you. You furiously retaliate!
You headbutt the orc.
You kill the orc!
The endoplasm barely misses you.
Fire: a) +0 shortbow
Press: ? - help, Q - select action, (/) - cycle Shift-Dir - straight line, f - endoplasm
Aim: an endoplasm (moderately wounded, 86% to hit)
You shoot an arrow. The arrow hits the endoplasm.
The endoplasm is severely wounded.
The endoplasm closely misses you. You furiously retaliate!
You headbutt the endoplasm.
Fire: a) +0 shortbow
Press: ? - help, Q - select action, (/) - cycle Shift-Dir - straight line, f/p - endoplasm
Aim: an endoplasm (almost dead, 86% to hit)
You shoot an arrow.
The arrow hits the endoplasm but does no damage.
The endoplasm is almost dead.
The endoplasm hits you.
Fire: a) +0 shortbow
Press: ? - help, Q - select action, (/) - cycle Shift-Dir - straight line, f/p - endoplasm
Aim: an endoplasm (almost dead, 86% to hit)
You shoot an arrow. The arrow hits the endoplasm.
You kill the endoplasm!
Fire: a) +0 shortbow
Press: ? - help, Q - select action, (/) - cycle Shift-Dir - straight line, f - you
Okay, then.
HP restored.
f - 2 fizzy golden potions (gained 1)
Items here: )) [[ †.
Things that are here:
a +0 club; a +0 club; a goblin corpse
Things that are here:
a +0 dagger; a goblin corpse
Found a dagger.
p - 4 poisoned darts No target in view!
You now have 175 gold pieces (gained 16).
Found an escape hatch in the ceiling.
No target in view!
You pick up a book of the Dragon and begin reading...
You add the spells Cause Fear, Dragon Form and Dragon's Call to your library.
No target in view!
Found a bloodstained altar of Trog.
No target in view!
An ogre comes into view. It is wielding a +0 giant club.
Found a leather armour.
You shoot an arrow.
The arrow hits the ogre but does no damage.
You shoot an arrow. The arrow hits the ogre.
The ogre is lightly wounded.
The ogre misses you.
An ogre is nearby!
You shoot an arrow.
The arrow hits the ogre but does no damage.
The ogre is lightly wounded.
The ogre hits you with a +0 giant club!
An ogre is nearby!
An ogre is nearby!
You shoot an arrow. The arrow hits the ogre.
The ogre is moderately wounded.
An ogre is nearby!
You shoot an arrow. The arrow hits the ogre.
The ogre is heavily wounded.
The ogre hits you with a +0 giant club!!
Ouch! That really hurt!
You die...

##....# ##
####....######..##
##..##....#...<...#
###.................. #
#.....##.####.####....##
#...##...##.....## ...#
#.)..#...#.......# .....
....##...#.......#...[..
....##......._..@O......
##...#...#.......#......
#))......#.......#...#.#
†.)......##.....## #...
))......[####.### ....
.>........ ... #..
...##..... !.# .#
...##........ ....#.....


You could see an ogre.

Vanquished Creatures
  Robin (D:4)
  4 adders
  3 gnolls (D:3)
  A worm (D:2)
  A dart slug (D:2)
  An orc (D:4)
  2 bats
  3 endoplasms
  4 giant cockroaches
  14 goblins
  5 hobgoblins
  4 jackals
  4 kobolds
  4 quokkas
  4 ball pythons
  5 frilled lizards
  8 rats
68 creatures vanquished.

Vanquished Creatures (others)
  A fungus (D:2)
1 creature vanquished.

Grand Total: 69 creatures vanquished

Notes
Turn   | Place    | Note
-------+----------+-------------------------------------------
     0 | D:1      | Darkkill the Minotaur Hunter began the quest for the Orb.
     0 | D:1      | Reached XP level 1. HP: 18/18 MP: 0/0
    48 | D:1      | Reached skill level 1 in Stealth
    97 | D:1      | Reached XP level 2. HP: 25/25 MP: 1/1
  1098 | D:2      | Found a shimmering altar of Xom.
  1236 | D:2      | Reached XP level 3. HP: 31/31 MP: 2/2
  1322 | D:2      | Found a faded altar of an unknown god.
  1673 | D:3      | Reached XP level 4. HP: 36/38 MP: 3/3
  1828 | D:3      | Reached skill level 5 in Ranged Weapons
  2284 | D:4      | Noticed Robin
  2293 | D:4      | Reached XP level 5. HP: 38/46 MP: 4/4
  2293 | D:4      | Killed Robin
  2395 | D:4      | Found a bloodstained altar of Trog.
  2401 | D:4      | Noticed an ogre
  2406 | D:4      | Slain by an ogre

Illustrated notes

Levels and vault maps discovered:
D:1:      dpeg_arrival_windows_large_door, layout_basic
D:2:      cheibrodos_helix_gallery, layout_basic, basic_altar,
          dreamdust_ecumenical_altar_grove
D:3:      layout_rooms, minivault_27
D:4:      layout_cave_pools, old_standard_altar, minmay_temple_entry_junction,
          serial_shops, nicolae_shop_behind_doors, uniq_robin, uniq_menkaure

Skill      XL: |  1  2  3  4 |
---------------+-------------+-----
Stealth        | 1 2 |  2.2
Fighting       | 3 |  3.8
Dodging        | 3 |  3.4
Ranged Weapons | 5 |  5.2

Action                     |  1- 3 |  4- 6 || total
---------------------------+-------+-------++-------
   Fire: Shortbow          |    87 |    69 ||   156
  Evoke: Wand              |       |     2 ||     2
    Use: Scroll            |     6 |     1 ||     7
         Potion            |       |     1 ||     1
 Armour: Leather armour    |     9 |    11 ||    20
  Dodge: Dodged            |    17 |    34 ||    51

Table legend: (Time is in decaauts)
 A = Elapsed time spent in this place.
 B = Non-inter-level travel time spent in this place.
 C = Inter-level travel time spent in this place.
 D = Time resting spent in this place.
 E = Time spent auto-exploring this place.
 F = Levels seen in this place.
 G = Mean time per level.
                   A        B        C        D        E       F      G
               +--------+--------+--------+--------+--------+-----+--------+
         Total |   2451 |   2349 |    102 |     68 |   1951 |   4 |  612.8 |
       Dungeon |   2451 |   2349 |    102 |     68 |   1951 |   4 |  612.8 |
               +--------+--------+--------+--------+--------+-----+--------+

Top non-repeatable levels by time:
     D:1: 1110 daAuts
     D:2: 567 daAuts
     D:3: 553 daAuts
     D:4: 219 daAuts

Table legend:
 A = Kills in this place as a percentage of kills in the entire game.
 B = Kills by you in this place as a percentage of kills by you in the entire game.
 C = Kills by friends in this place as a percentage of kills by friends in the entire game.
 D = Other kills in this place as a percentage of other kills in the entire game.
 E = Experience gained in this place as a percentage of experience gained in the entire game.
 F = Experience gained in this place divided by the number of levels of this place that you have seen.
                   A       B       C       D       E      F
               +-------+-------+-------+-------+-------+----------------------
         Total | 100.0 | 100.0 |   N/A |   N/A | 100.0 |  54.0
       Dungeon | 100.0 | 100.0 |   N/A |   N/A | 100.0 |  54.0
               +-------+-------+-------+-------+-------+----------------------
